Workbook

Sheet Template 
A1: ABC LTD All data in Mn Euros
A2: Year | D2: 0 | E2: =D2+1 -> 1 | F2: =E2+1 -> 2 | G2: =F2+1 -> 3
J16: =58000/12 -> 4833.3333

Sheet Assumptions
A1: ABC LTD All data in Mn Euros
A3: Income Statement Assumptions | F3: Valuation Assumptions
A4: Particulars | B4: Amount | C4: % | F4: Multiple | K4: =FS!D42 -> 0 | L4: Exit Multiple
A5: LTM Revenue | B5: 200 | C5: 0.1 | F5: EBITDA Exit | G5: 8 | H5: x | J5: EBITDA Margin
A6: LTM EBITDA | B6: 50 | C6: 0.25 | F6: P/E Firm ownership | G6: 1 | K6: =K5+5% -> 0.05
A7: D&A | B7: 0.05 | C7: Of sales | F7: EBITDA Purchase | G7: =G5 -> 8 | K7: =K6+5% -> 0.1
A8: Tax rate | B8: 0.2 | K8: =K7+5% -> 0.15
K9: =K8+5% -> 0.2
A10: Balance Sheet | B10: % | C10: of | F10: Fees
A11: Inventory | B11: 0.1 | C11: sales | F11: M&A Advisory | G11: 0.005
A12: Rec | B12: 0.05 | C12: sales | F12: Financing fee | G12: 0.015 | H12: debt | K12: =FS!D42 -> 0 | L12: Cash Multiplier
A13: Payables | B13: 0.05 | C13: sales | F13: Sponsore fee | G13: 0.005 | H13: Purchase price | J13: Purchase Multiple | K13: 8
A14: Capex | B14: 0.07 | C14: sales | K14: =K13-0.5 -> 7.5
K15: =K14-0.5 -> 7
K16: =K15-0.5 -> 6.5
A17: Funding | K17: =K16-0.5 -> 6
A18: Loan Type | B18: Multiple | E18: Repayment | G18: Interest(Libor +)
A19: A | B19: 1 | C19: LTM EBITDA | E19: 5 | F19: Equal | G19: 350
A20: B | B20: 1 | C20: LTM EBITDA | E20: =E19 -> 5 | F20: Equal | G20: 400 | K20: Exit Multiple
A21: C | B21: 1 | C21: LTM EBITDA | E21: =E20 -> 5 | F21: Equal | G21: 450 | L21: 8
A22: Sec Lien | B22: 1 | C22: LTM EBITDA | E22: Bullet repayment | G22: 0.0825 | J22: Purchase M | K22: 7
A23: PIK | B23: 0.5 | C23: LTM EBITDA | E23: No amortisation | G23: 0.14
K24: IPO Partial Exit
A25: Other Assumptions
A26: Libor | B26: 0.0225 | J26: Stake sell IRR | K26: 0.6
A27: Interest on cash | B27: 0.015
A28: Intial cash balance | B28: 20 | C28: Mn | K28: IPO Partial Exit
J30: Stake sell CC | K30: 0.6

Sheet FS
A1: ABC LTD All data in Mn Euros
A2: Year | D2: 0 | E2: =D2+1 -> 1 | F2: =E2+1 -> 2 | G2: =F2+1 -> 3 | H2: =G2+1 -> 4 | I2: =H2+1 -> 5
A3: Revenue
A5: EBITDA
A7: DA
A8: EBIT
A9: Int
A10: EBT
A11: Tax
A12: PAT
A14: Cashflow
A15: Net Income
A16: Plus Dep
A17: Plus PIK interest
... A42: Cash to cash multiple

Sheet Debt schedule
A1: ABC LTD All data in Mn Euros
A2: Year | D2: 0 | E2: =D2+1 -> 1 | F2: =E2+1 -> 2 | G2: =F2+1 -> 3 | H2: =G2+1 -> 4 | I2: =H2+1 -> 5
A3: Loan
A4: =Assumptions!A19 -> A
A5: =Assumptions!A20 -> B
A6: =Assumptions!A21 -> C
A7: =Assumptions!A22 -> Sec Lien
A8: =Assumptions!A23 -> PIK
A9: Total
A11: Net Interest Payable
A12: A
A13: B
A14: C
A15: Sec Lien
A16: PIK
A17: Total
